 Dungeon Crawl Stone Soup version 0.21.1-1-g345015fe64 (webtiles) character file.

1667 Mrkan the Grappler (level 8, 0/78 HPs)
             Began as a Troll Monk on May 13, 2018.
             Was a Believer of Okawaru.
             Slain by a wight
             ... wielding a cursed +0 halberd
              (4 damage)
             ... on level 6 of the Dungeon on May 22, 2018.
             The game lasted 00:12:03 (5050 turns).

Mrkan the Grappler (Troll Monk)                     Turns: 5050, Time: 00:12:03

Health: 0/78       AC:  6    Str: 20    XL:     8   Next: 69%
Magic:  7/7        EV: 10    Int:  6    God:    Okawaru [**....]
Gold:   432        SH:  0    Dex: 14    Spells: 7/7 levels left

rFire    . . .     SeeInvis .     - Unarmed
rCold    . . .     Gourm    +   (no shield)
rNeg     . . .     Faith    .   a - +0 robe
rPois    .         Spirit   .   (helmet restricted)
rElec    .         Reflect  .   n - +0 cloak
rCorr    .         Harm     .   (gloves unavailable)
MR       .....                  (boots unavailable)
Stlth    ++........             (no amulet)
HPRegen  0.63/turn              (no ring)
MPRegen  0.10/turn              (no ring)

@: heavily drained
A: large, unfitting armour, claws 3, fast metabolism 3, gourmand, regeneration
1, shaggy fur 1, tough skin 2
a: Heroism, Renounce Religion


You were on level 6 of the Dungeon.
You worshipped Okawaru.
Okawaru was pleased with you.
You were completely stuffed.

You visited 2 branches of the dungeon, and saw 7 of its levels.
You also visited: Sewer.

You collected 432 gold pieces.

Inventory:

Hand Weapons
 u - the cursed +1 mace of Naful {crush, rElec rF+ MR+ Stlth+, unknown}
   (You found it on level 4 of the Dungeon)

   It inflicts extra damage upon your enemies.
   It protects you from fire.
   It insulates you from electricity.
   It affects your resistance to hostile enchantments.
   It makes you more stealthy.
   It has a curse placed upon it.
Armour
 a - a +0 robe (worn)
 n - a +0 cloak (worn)
 t - a +2 shield of protection
Wands
 k - a wand of digging (36)
Scrolls
 g - 3 scrolls of identify
 j - 3 scrolls of teleportation
 l - a scroll of fog {unknown}
 q - a scroll of noise
 v - 2 scrolls of blinking
 y - a scroll of immolation {unknown}
 z - a scroll of amnesia {unknown}
 A - 2 scrolls of fear
 B - a scroll of remove curse {unknown}
 C - a scroll of enchant weapon {unknown}
Potions
 c - 5 potions of heal wounds {unknown}
 d - a potion of haste
 e - 5 potions of curing
 f - 4 potions of agility
 h - 2 potions of might {unknown}
 i - 2 potions of flight {unknown}
 m - 3 potions of lignification
 o - a potion of ambrosia {unknown}
 p - a potion of degeneration {unknown}
 s - a potion of mutation {unknown}
 w - a potion of magic {unknown}
 x - a potion of berserk rage {unknown}
 E - a potion of invisibility {unknown}
Books
 r - a book of Conjurations

   Spells                             Type                      Level
   a - Magic Dart                     Conjuration                  1
   b - Searing Ray                    Conjuration                  2
   c - Dazzling Spray                 Conjuration/Hexes            3
   d - Fulminant Prism                Conjuration/Hexes            4
   e - Force Lance                    Conjuration/Translocation    4
   f - Iskenderun's Mystic Blast      Conjuration                  4
Comestibles
 b - 15 rations
 D - 9 chunks of flesh


   Skills:
 - Level 4.0(2.1) Fighting
 - Level 4.0(2.1) Dodging
 - Level 2.4(0.6) Stealth
 * Level 9.4(7.2) Unarmed Combat


You had 7 spell levels left.
You didn't know any spells.

Dungeon Overview and Level Annotations

Branches:
Dungeon (6/15)             Temple (1/1) D:4

Altars:
Ashenzari
Elyvilon
Gozag
Hepliaklqana
Kikubaaqudgha
Okawaru
Ru
Sif Muna
Trog
Uskayaw
Vehumet
Wu Jian
Xom
Zin


Innate Abilities, Weirdness & Mutations

You are too large for most types of armour.
You have claws for hands.
Your metabolism is lightning-fast.
You like to eat raw meat.
Your natural rate of healing is unusually fast.
You are covered in fur. (AC +1)
You have very tough skin. (AC +2)


Message History

The wight hits you from afar with a halberd.
You feel drained.
* * * LOW HITPOINT WARNING * * *
The wight hits you with a flail.
* * * LOW HITPOINT WARNING * * *
You feel drained.
* * * LOW HITPOINT WARNING * * *
The wight hits you from afar with a halberd!
* * * LOW HITPOINT WARNING * * *
You feel drained.
* * * LOW HITPOINT WARNING * * *
A wight comes into view.
It is wielding an enchanted great sword.
Things that are here:
an enchanted falchion; a robe
Okay, then.
You feel better. The wight misses you.
The wight hits you from afar with a halberd!
* * * LOW HITPOINT WARNING * * *
You feel drained.
You die...

#.[. ..# #.## ##..#
#.# #.## ...#
###.#####... #..#
###...........
#.|###.#.#.########
#..##.#..#.#
#..#z###.#.#
#..z..#.##.#
##@#.#.# #.#
#.#.#.# #.# #.#.# #
#.# #.z.. ..# ###.#
... #..


You could see 3 wights.

Vanquished Creatures
  The ghost of supermoro the Shield-Bearer, an amateur MiFi (D:4)
  A water moccasin (D:5)
  A phantom (D:3)
  A centaur (D:6)
  3 ogres
  Blork the orc (D:5)
  2 scorpions
  The ghost of Freyura the Skirmisher, a weakling MiAK of Lugonu (D:3)
  2 wights (D:6)
  3 howler monkeys
  Crazy Yiuf (D:4)
  An orc priest (D:6)
  3 orc wizards
  Ijyb (D:4)
  2 worker ants
  14 adders
  2 oozes
  4 worms
  3 dart slugs
  3 leopard geckos
  14 orcs
  3 giant cockroaches
  9 goblins
  5 hobgoblins
  18 jackals
  2 quokkas
  7 ball pythons
  12 bats
  15 frilled lizards
  7 kobolds
  2 leopard gecko skeletons (D:4)
  10 rats
  A bush (D:3)
  4 fungi (D:4)
159 creatures vanquished.

Notes
Turn   | Place    | Note
-------+----------+-------------------------------------------
     0 | D:1      | Mrkan the Troll Monk began the quest for the Orb.
     0 | D:1      | Reached XP level 1. HP: 22/22 MP: 0/0
   114 | D:1      | Reached XP level 2. HP: 29/29 MP: 1/1
   486 | D:1      | Reached XP level 3. HP: 31/36 MP: 2/2
  1014 | D:2      | Found a hide-covered altar of Uskayaw.
  1024 | D:2      | Reached XP level 4. HP: 39/44 MP: 3/3
  1678 | D:3      | Noticed a phantom
  1770 | D:3      | Reached XP level 5. HP: 53/53 MP: 4/4
  2005 | D:3      | Killed a phantom
  2005 | D:3      | Reached skill level 4 in Unarmed Combat
  2161 | D:3      | Noticed Freyura's ghost (weakling MiAK)
  2182 | D:3      | Killed Freyura's ghost
  2182 | D:3      | Reached XP level 6. HP: 42/61 MP: 5/5
  2717 | D:4      | Noticed Ijyb
  2727 | D:4      | Killed Ijyb
  2883 | D:4      | Reached XP level 7. HP: 57/70 MP: 6/6
  2909 | D:4      | Found a runed door.
  2957 | D:4      | Got a crystal mace
  3102 | D:4      | Found a staircase to the Ecumenical Temple.
  3116 | D:4      | Reached skill level 5 in Unarmed Combat
  3132 | Temple   | Entered the Ecumenical Temple
  3215 | Temple   | Became a worshipper of Warmaster Okawaru
  3215 | Temple   | Reached * piety under Okawaru
  3215 | Temple   | Reached ** piety under Okawaru
  3246 | D:4      | Noticed supermoro's ghost (amateur MiFi)
  3265 | D:4      | Killed supermoro's ghost
  3265 | D:4      | Reached skill level 6 in Unarmed Combat
  3566 | D:4      | Noticed Crazy Yiuf
  3573 | D:4      | Killed Crazy Yiuf
  3628 | D:5      | Entered Level 5 of the Dungeon
  3710 | D:5      | Noticed Blork the orc
  3724 | D:5      | Killed Blork the orc
  3724 | D:5      | Reached skill level 7 in Unarmed Combat
  3724 | D:5      | Reached XP level 8. HP: 60/78 MP: 7/7
  3734 | D:5      | Found an opulent altar of Gozag.
  3862 | D:5      | Found a glowing drain.
  3988 | Sewer    | Entered a sewer
  4627 | D:5      | Found a shattered altar of Ashenzari.
  4778 | D:6      | Reached skill level 8 in Unarmed Combat
  4851 | D:6      | Reached skill level 9 in Unarmed Combat
  5050 | D:6      | Slain by a wight

Skill      XL: |  1  2  3  4  5  6  7  8 |
---------------+-------------------------+-----
Fighting       | 3 4 |  4.0
Dodging        | 3 4 |  4.0
Unarmed Combat | 4 7 9 |  9.4
Stealth        | 2 |  2.4

Action                   |  1- 3 |  4- 6 |  7- 9 || total
-------------------------+-------+-------+-------++-------
Melee: Unarmed           |   110 |   280 |   155 ||   545
       Punch             |     3 |     5 |     4 ||    12
  Use: Scroll            |       |     4 |     2 ||     6
       Potion            |       |       |     1 ||     1
 Stab: Sleeping          |     1 |     2 |     5 ||     8
  Eat: Chunk             |    15 |    18 |    20 ||    53
Armor: Robe              |    94 |    74 |    31 ||   199
Dodge: Dodged            |   108 |   133 |    90 ||   331
